 Dungeon Crawl Stone Soup version 0.12.2-14-g7c90c79 (webtiles) character file.

216 Gabry the Covered (level 4, 0/40 HPs)
             Began as a Minotaur Fighter on Aug 7, 2013.
             Slain by an orc
             ... wielding a -1,+1 orcish short sword
              (3 damage)
             ... on Level 4 of the Dungeon.
             The game lasted 00:18:10 (1927 turns).

Gabry the Covered (Minotaur Fighter)                Turns: 1927, Time: 00:18:10

HP   0/40        AC  7     Str 20      XL: 4   Next: 91%
MP   1/1         EV 11     Int  8      God:
Gold 85          SH 10     Dex 11      Spells:  0 memorised,  3 levels left

Res.Fire  : . . .   See Invis. : .   a - +0,+1 mace
Res.Cold  : . . .   Warding    : .   g - +3 orc leather armour
Life Prot.: . . .   Conserve   : .   n - +0 buckler
Res.Poison: .       Res.Corr.  : .   (helmet restricted)
Res.Elec. : .       Clarity    : .   (no cloak)
Sust.Abil.: + .     Spirit.Shd : .   (no gloves)
Res.Mut.  : .       Stasis     : .   c - +0 pair of boots
Res.Rott. : .       Ctrl.Telep.: .   (no amulet)
Saprovore : . . .   Flight     : .   r - ring of sustain abilities
                                     q - +3 ring of intelligence

@: mildly poisoned, slightly resistant to hostile enchantments, unstealthy
A: retaliatory headbutt, horns 2
a: no special abilities


You were on level 4 of the Dungeon.
You were not hungry.

You visited 1 branch of the dungeon, and saw 4 of its levels.

You collected 65 gold pieces.

Inventory:

Hand weapons
 a - a +0,+1 mace (weapon)
 m - a +0,+0 dagger (quivered)
Armour
 c - a +0 pair of boots (worn)
 g - a +3 orcish leather armour (worn)
 n - a +0 buckler (worn)
Comestibles
 d - 5 bread rations
 f - a meat ration
 j - a choko
Scrolls
 i - a scroll of noise
 k - 5 scrolls of remove curse
Jewellery
 q - a +3 ring of intelligence (left hand)
 r - a ring of sustain abilities (right hand)
Potions
 b - a potion of confusion
 e - a potion of degeneration {unknown}
 p - a potion of might {unknown}


   Skills:
 + Level 4.1 Fighting
 + Level 3.2 Maces & Flails
 + Level 4.7 Armour
 + Level 1.8 Dodging
 + Level 0.5 Stealth
 + Level 4.6 Shields


You had 3 spell levels left.
You didn't know any spells.

Dungeon Overview and Level Annotations

Branches:
Dungeon (4/27)
 Temple: D:4-7

Altars:
Fedhas
Nemelex Xobeh
Sif Muna
Xom


Innate Abilities, Weirdness & Mutations

You reflexively headbutt those who attack you in melee.
You have a pair of horns on your head.


Message History

The orc hits you but does no damage.
You closely miss the orc.
* * * LOW HITPOINT WARNING * * *
You feel sick.
The orc hits you with an orcish short sword.
* * * LOW HITPOINT WARNING * * *
* * * LOW HITPOINT WARNING * * *
You feel sick.
You see here an orc corpse.
The orc throws an orcish spear.
You block the orcish spear.
You see here an orcish spear.
* * * LOW HITPOINT WARNING * * *
You feel sick.
The orc picks up an orcish spear.
You closely miss the orc. Your headbutt misses the orc.
* * * LOW HITPOINT WARNING * * *
You feel sick. The orc misses you. You furiously retaliate!
You headbutt the orc.
The orc hits you with an orcish short sword.
You die...

#.# #.# . #.# .. #.# ..
#.# ##.##### ####.####
#........ #...^...#
#........
#.......#######........
#.........@o%##......(.#
#.......####).'........#
#.>.....# ####).......#
#.......# #........
######### #........
#..%..... ########


You could see an orc.

Vanquished Creatures
  A worker ant (D:4)
  3 adders
  A giant mite (D:3)
  A worm (D:3)
  3 giant geckos
  7 orcs
  A ball python (D:1)
  9 bats
  3 giant cockroaches
  8 goblins
  2 hobgoblins (D:1)
  A quokka (D:3)
  A giant newt (D:1)
  A hobgoblin skeleton (D:4)
  13 kobolds
  7 rats
62 creatures vanquished.

Notes
Turn   | Place    | Note
--------------------------------------------------------------
     0 | D:1      | Gabry, the Minotaur Fighter, began the quest for the Orb.
     0 | D:1      | Reached XP level 1. HP: 19/19 MP: 0/0
    89 | D:1      | Reached skill level 4 in Armour
    94 | D:1      | Reached XP level 2. HP: 26/26 MP: 0/0
   512 | D:2      | Found a sparkling altar of Nemelex Xobeh.
   524 | D:2      | Reached XP level 3. HP: 20/33 MP: 1/1
  1210 | D:3      | Reached skill level 1 in Dodging
  1223 | D:3      | Reached XP level 4. HP: 30/39 MP: 1/1
  1428 | D:3      | Found a deep blue altar of Sif Muna.
  1533 | D:3      | Found a shimmering altar of Xom.
  1548 | D:3      | Found a blossoming altar of Fedhas.
  1927 | D:4      | Slain by an orc

Action                   |  1- 3 |  4- 6 || total
-------------------------+-------+-------++-------
Melee: Mace              |    94 |    54 ||   148
  Use: Scroll            |     4 |     2 ||     6
       Potion            |       |     2 ||     2
